 Dungeon Crawl Stone Soup version 0.29.1-12-g30fa7ad0bf (webtiles) character file.

Game seed: 11758793919259076658

63331 fantasyman the Fencer (level 15, 0/129 HPs)
             Began as a Formicid Fighter on Jan 6, 2023.
             Was a High Priest of Okawaru.
             Killed from afar by a rakshasa (21 damage)
             ... with a lance of force
             ... on level 15 of the Dungeon.
             The game lasted 00:46:32 (27276 turns).

fantasyman the Fencer (Formicid Fighter)           Turns: 27276, Time: 00:46:33

Health: 0/129      AC: 15    Str: 27    XL:     15   Next: 49%
Magic:  9/21       EV:  9    Int: 17    God:    Okawaru [*****.]
Gold:   1670       SH: 24    Dex: 18    Spells: 14/14 levels left

rFire   + + .      SeeInvis +   C - +11 triple sword "Lyrromem" {vorpal, rPois rN+ Dex+4}
rCold   x x .      Faith    .   s - +0 tower shield
rNeg    + . .      Spirit   .   G - +5 ring mail "Natrulaopp" {rC- Regen+ Int+9 SInv}
rPois   +          Reflect  +   (helmet unavailable)
rElec   .          Harm     .   A - +0 cloak {rCorr}
rCorr   +          Rampage  .   (no gloves)
Will    ++...                   k - +0 pair of boots
Stlth   +.........              j - amulet of reflection
HPRegen 1.11/turn               c - ring of fire
MPRegen 0.17/turn               a - ring "Qieme" {rF+ Will+ rCorr Str-2}

@: studying Shields
A: permanent stasis, dig shafts and tunnels, antennae 3, four strong arms,
robust 1, strong 1
a: Dig, Shaft Self, Renounce Religion, Heroism, Finesse, Duel


You were on level 15 of the Dungeon.
You worshipped Okawaru.
Okawaru was extremely pleased with you.
You visited 3 branches of the dungeon, and saw 18 of its levels.
You also visited: Ossuary and Bailey.

You collected 1976 gold pieces.
You spent 306 gold pieces at shops.

Inventory:

Hand Weapons
 w - the +12 great sword "Undertaker" {holy, SInv}
   (You found it on level 9 of the Dungeon)

   It has been blessed by the Shining One to cause great damage to the undead
   and demons.
   SInv:      It lets you see invisible.
 C - the +11 triple sword "Lyrromem" (weapon) {vorpal, rPois rN+ Dex+4}
   (You found it in a bailey)

   It inflicts extra damage upon your enemies.
   Dex:       It affects your dexterity (+4).
   rPois:     It protects you from poison.
   rN:        It protects you from negative energy.
 J - a +2 scimitar of flaming
Armour
 k - a +0 pair of boots (worn)
 s - a +0 tower shield (worn)
 x - a scarf of shadows
 z - the +4 chain mail "Liashut" {rCorr}
   (Okawaru gifted it to you on level 9 of the Dungeon)

   rCorr:     It protects you from acid and corrosion.
 A - a +0 cloak of preservation (worn)
 G - the +5 ring mail "Natrulaopp" (worn) {rC- Regen+ Int+9 SInv}
   (Okawaru gifted it to you on level 2 of the Orcish Mines)

   Int:       It affects your intelligence (+9).
   rC:        It makes you vulnerable to cold.
   SInv:      It lets you see invisible.
   Regen:     It increases your rate of health regeneration.
 H - a +2 plate armour of fire resistance
 I - a +4 plate armour of cold resistance
Jewellery
 a - the ring "Qieme" (right hand) {rF+ Will+ rCorr Str-2}
   (You found it on level 2 of the Orcish Mines)

   [ring of protection from fire]

   Str:       It affects your strength (-2).
   rF:        It protects you from fire.
   rCorr:     It protects you from acid and corrosion.
   Will:      It increases your willpower.
 c - a ring of fire (left hand)
 j - an amulet of reflection (around neck)
 u - a ring of resist corrosion
Wands
 p - a wand of paralysis (5)
 y - a wand of quicksilver (11)
Scrolls
 e - 3 scrolls of amnesia
 f - 11 scrolls of identify
 h - 3 scrolls of enchant armour
 n - a scroll of brand weapon
 v - a scroll of enchant weapon
 B - a scroll of poison
 D - 2 scrolls of fear
 E - 3 scrolls of magic mapping
Potions
 b - 2 potions of invisibility
 d - 3 potions of might
 g - 4 potions of attraction
 i - 3 potions of heal wounds
 l - 11 potions of curing
 m - 3 potions of cancellation
 o - 3 potions of magic
 q - 6 potions of mutation
 r - 2 potions of lignification
 t - 4 potions of brilliance
 F - a potion of resistance
 K - a potion of ambrosia {unknown}


   Skills:
 * Level 11.0 Fighting
 * Level 15.6 Long Blades
 - Level 11.1 Axes
 * Level 11.5 Armour
 * Level 14.3 Shields
 * Level 8.9 Invocations


You had 14 spell levels left.
You didn't know any spells.
Your spell library contained the following spells:

 Spells                   Type           Power      Damage    Failure   Level
 Magic Dart               Conj           0%         1d3       65%         1
 Sandblast                Erth           0%         2d4       65%         1
 Passwall                 Tmut/Erth      0%         N/A       80%         2
 Dazzling Flash           Conj/Hex       0%         N/A       95%         3
 Ignite Poison            Fire/Tmut/Pois 0%         N/A       95%         3
 Inner Flame              Hex/Fire       0%         N/A       95%         3
 Mephitic Cloud           Conj/Pois/Air  0%         N/A       95%         3
 Stone Arrow              Conj/Erth      0%         3d7       95%         3
 Leda's Liquefaction      Hex/Erth       0%         N/A       100%        4
 Sticky Flame             Conj/Fire      0%         2d3       100%        4
 Agony                    Necr           0%         N/A       100%        5
 Lee's Rapid Deconstruct  Erth           0%         3d5*      100%        5
 Silence                  Hex/Air        0%         N/A       100%        5
 Eringya's Noxious Bog    Tmut/Pois      0%         N/A       100%        6
 Statue Form              Tmut/Erth      0%         N/A       100%        6
 Call Imp                 Summ           Unusable   N/A       N/A         2
 Summon Forest            Summ/Tloc      Unusable   N/A       N/A         5
 Summon Hydra             Summ           Unusable   N/A       N/A         7

Dungeon Overview and Level Annotations

Branches:
Dungeon (15/15)            Temple (1/1) D:4            Lair (0/5) D:10
    Orc (2/2) D:9             Elf (0/3) Orc:2        Vaults (0/5) D:13
Ossuary (visited)          Bailey (visited)
 Depths: D:15

Altars:
Ashenzari
Cheibriados
Dithmenos
Elyvilon
Fedhas
Gozag
Hepliaklqana
Kikubaaqudgha
Makhleb
Okawaru
Qazlal
Ru
Sif Muna
Trog
Uskayaw
Vehumet
Wu Jian
Xom
Yredelemnul
Zin
The Shining One

Shops:
D:1 [   D:6 [[*!   Orc:2 *?(=

Portals:
Trove: D:13 (give longbow "Zephyr")

Annotations:
D:11 2 runed translucent doors, Taurus's ghost, novice FeSu


Innate Abilities, Weirdness & Mutations

You cannot be hasted, slowed, berserked, paralysed or teleported.
You can dig through walls and to a lower floor.
You have a pair of large antennae on your head. (SInv)
Your four strong arms can wield two-handed weapons with a shield.
You are robust. (+10% HP)
Your muscles are strong. (Str +4, Int/Dex -1)


Message History

The rakshasa blinks!
You block the rakshasa's attack.
You hit the rakshasa but do no damage.
The rakshasa is heavily wounded.
The rakshasa hits you but does no damage.
The rakshasa barely misses you.
You slash the rakshasa!
You kill the rakshasa!
The rakshasa shimmers and vanishes!
You block the rakshasa's attack.
You slice the rakshasa!!
The rakshasa is heavily wounded.
The rakshasa weaves an illusion.
The rakshasa shimmers and seems to become two!
You slice the rakshasa!!
You kill the rakshasa!
Okawaru accepts your kill.
The rakshasa shimmers and vanishes! x2
The rakshasa gestures at you. The lance of force hits you!
* * * LOW HITPOINT WARNING * * *
You are knocked back by the lance of force.
You slam into the rock wall!
You block the rakshasa's attack.
Things that are here:
a +0 whip; a +0 robe You barely miss the rakshasa.
The rakshasa is moderately wounded.
You block the rakshasa's attack.
You slash the rakshasa!
The rakshasa is heavily wounded.
The rakshasa hits you with a +0 whip!
* * * LOW HITPOINT WARNING * * *
The rakshasa barely misses you.
You hit the rakshasa.
The rakshasa is heavily wounded.
You block the rakshasa's attack. The rakshasa completely misses you.
The rakshasa hits you with a +0 whip.
* * * LOW HITPOINT WARNING * * *
The rakshasa gestures at you. The lance of force hits you!!
You die...

#.#.# #.# #.....#.# #.#.# #.#
#.....#..
#.#.####.#######...#####
#....#.........##.## .#
#......#########..# ...
.......# #...## ... #.†...##
#..## .. ##...## ##.##.# {###
##<## #..@R.# {#.### #.#
##.#R.# ##...#####
#.####################.........
#......(.....# #.......#####
#..#########.# ###...### #..#
#.# #...####### #..# #)#
##.##...... #..#
#.#########.##...... #..#
#.........).##......


You could see 2 rakshasas.

Vanquished Creatures
  2 orc warlords (Orc:2)
  A quicksilver ooze (shapeshifter) (D:15)
  Azrael (D:13)
  The ghost of Imievvi the Spear-Bearer, a journeyman GnCA of Ignis (D:13)
  A fire dragon (D:14)
  A great orb of eyes (D:15)
  A yaktaur captain (D:13)
  A rakshasa (D:15)
  A vault guard (D:13)
  4 boulder beetles
  3 hydras
  4 centaur warriors
  7 two-headed ogres
  5 orc high priests (Orc:2)
  4 skeletal warriors (D:14)
  Lodul (D:13)
  A necromancer (D:14)
  4 orc knights
  A deep elf pyromancer (D:15)
  5 orc sorcerers
  2 cyclopes
  19 ugly things
  3 manticores
  An unseen horror (shapeshifter) (D:14)
  4 gargoyles
  2 kobold demonologists (D:10)
  Joseph (D:9)
  3 yaktaurs (D:15)
  An unseen horror (D:9)
  A komodo dragon (D:13)
  A tengu conjurer (D:15)
  4 trolls
  A hornet (D:7)
  A wolf spider simulacrum (D:13)
  7 slime creatures
  2 vampires
  A shadow (D:10)
  3 wraiths
  4 fire elementals
  4 wyverns
  12 yaks (D:9)
  10 humans (D:13)
  3 steam dragons
  7 vampire mosquitoes
  4 wargs
  4 acid dragons
  2 water moccasins
  3 hell hounds
  3 ice beasts (D:6)
  52 orc warriors
  4 black bears
  2 sky beasts
  9 centaurs
  19 ogres
  3 kobold brigands (D:10)
  4 phantoms
  3 bullfrogs
  3 scorpions
  3 gnoll sergeants
  3 water moccasin zombies (Ossuary)
  3 killer bees (D:9)
  4 howler monkeys
  7 vampire bats (Bailey)
  6 wolf zombies (Bailey)
  An electric eel (D:6)
  5 jellies
  36 orc priests
  6 hounds
  2 gnoll boudas
  6 iguanas
  20 orc wizards
  2 mummies (Ossuary)
  24 gnolls
  8 adders
  2 white imps
  An ufetubus (D:4)
  8 adder zombies (Ossuary)
  4 worms
  3 dart slugs
  137 orcs
  6 ball pythons
  7 bats
  2 endoplasms
  2 giant cockroaches
  5 gnoll zombies (Ossuary)
  6 goblins
  4 hobgoblins
  9 kobolds
  6 quokkas
  A frilled lizard (D:3)
  4 hobgoblin zombies (Ossuary)
  3 kobold zombies (Ossuary)
  27 orc zombies
  A rat (D:3)
635 creatures vanquished.

Vanquished Creatures (others)
  A human (D:13)
  A kobold brigand (D:10)
  2 orcs (D:8)
4 creatures vanquished.

Grand Total: 639 creatures vanquished

Notes
Turn   | Place    | Note
-------+----------+-------------------------------------------
     0 | D:1      | fantasyman the Formicid Fighter began the quest for the
                  | Orb.
     0 | D:1      | Reached XP level 1. HP: 18/18 MP: 1/1
    93 | D:1      | Found a faded altar of an unknown god.
   289 | D:1      | Reached XP level 2. HP: 22/24 MP: 2/2
   410 | D:1      | Found Jytupp's Antique Armour Emporium.
   660 | D:1      | Reached XP level 3. HP: 26/29 MP: 3/3
  1899 | D:3      | Reached XP level 4. HP: 37/37 MP: 4/4
  2629 | D:3      | Found a burning altar of Makhleb.
  2743 | D:4      | Noticed a bullfrog
  2751 | D:4      | Killed a bullfrog
  2752 | D:4      | Reached XP level 5. HP: 25/42 MP: 5/5
  2814 | D:4      | Reached XP level 6. HP: 23/48 MP: 6/6
  2944 | D:4      | Reached skill level 5 in Armour
  3062 | D:4      | Noticed a black bear
  3071 | D:4      | Killed a black bear
  3172 | D:4      | Found a staircase to the Ecumenical Temple.
  3187 | D:4      | Reached XP level 7. HP: 47/55 MP: 7/7
  3195 | D:4      | Reached skill level 5 in Axes
  3201 | Temple   | Entered the Ecumenical Temple
  3905 | D:4      | Found an ancient bone altar of Kikubaaqudgha.
  3905 | D:4      | Found a hazy altar of Hepliaklqana.
  3913 | D:4      | Found a sacrificial altar of Ru.
  3916 | D:4      | Found an iron altar of Okawaru.
  3918 | D:4      | Found an ornate altar of the Wu Jian Council.
  4052 | D:4      | Became a worshipper of Warmaster Okawaru
  4096 | D:5      | Entered Level 5 of the Dungeon
  4123 | D:5      | Reached skill level 5 in Fighting
  4155 | D:5      | Reached XP level 8. HP: 20/62 MP: 8/8
  4320 | D:5      | Reached * piety under Okawaru
  4648 | D:5      | Found a sand-covered staircase.
  4656 | Ossuary  | Entered an ossuary
  4978 | D:5      | Reached skill level 1 in Invocations
  4978 | D:5      | Reached XP level 9. HP: 61/69 MP: 9/9
  5169 | D:5      | Found a shimmering blue altar of Sif Muna.
  5350 | D:5      | Reached ** piety under Okawaru
  5351 | D:5      | Reached skill level 5 in Shields
  7123 | D:6      | Found Eteonoss's Armour Emporium.
  7134 | D:6      | Bought a +0 cloak of preservation for 138 gold pieces
  7163 | D:6      | Found Ajid Xue's Antique Armour Boutique.
  7172 | D:6      | Bought a pair of boots for 112 gold pieces
  7281 | D:6      | Found Ycasheg's Assorted Antiques.
  7300 | D:6      | Found Allemun's Distillery.
  7430 | D:6      | Reached *** piety under Okawaru
  7659 | D:6      | Reached XP level 10. HP: 77/77 MP: 12/12
 10001 | D:8      | Found a hide-covered altar of Uskayaw.
 10091 | D:8      | Noticed a centaur warrior
 10105 | D:8      | Killed a centaur warrior
 10106 | D:8      | Reached skill level 10 in Axes
 10203 | D:8      | Identified the +4 short sword of the Crafting Seeker
                  | {vorpal, rF+++ Int-5 Dex+5}
 10214 | D:8      | Reached **** piety under Okawaru
 10322 | D:8      | Gained mutation: Your muscles are strong. (Str +4, Int/Dex
                  | -1) [potion of mutation]
 10322 | D:8      | Gained mutation: You are robust. (+10% HP) [potion of
                  | mutation]
 10653 | D:9      | Noticed Joseph
 10664 | D:9      | Killed Joseph
 10738 | D:9      | Reached XP level 11. HP: 76/92 MP: 14/14
 10778 | D:9      | Reached skill level 5 in Invocations
 11115 | D:9      | Reached ***** piety under Okawaru
 11766 | D:9      | Noticed a cyclops
 11813 | D:9      | Killed a cyclops
 11824 | D:9      | Noticed a brown ugly thing
 11909 | D:9      | Killed a brown ugly thing
 12087 | D:9      | Identified the +12 great sword "Undertaker" {holy, SInv}
 12154 | D:9      | Identified the +4 chain mail "Liashut" {rCorr} (Okawaru
                  | gifted it to you on level 9 of the Dungeon)
 12154 | D:9      | Received a gift from Okawaru
 12381 | D:9      | Reached skill level 1 in Long Blades
 12467 | D:9      | Found a blossoming altar of Fedhas.
 12477 | D:9      | Reached skill level 2 in Long Blades
 12596 | D:9      | Found a staircase to the Orcish Mines.
 12645 | D:10     | Entered Level 10 of the Dungeon
 12661 | D:10     | Reached skill level 3 in Long Blades
 12838 | D:10     | Found a staircase to the Lair.
 12921 | D:10     | Found an opulent altar of Gozag.
 13129 | D:10     | Found a flagged portal.
 13135 | D:10     | Reached skill level 4 in Long Blades
 13146 | D:10     | Reached skill level 5 in Long Blades
 13146 | D:10     | Reached XP level 12. HP: 84/102 MP: 16/16
 13162 | Bailey   | Entered a bailey
 13693 | Bailey   | Reached skill level 6 in Long Blades
 14098 | Bailey   | Identified the +11 triple sword "Lyrromem" {vorpal, rPois
                  | rN+ Dex+4}
 14154 | Bailey   | Identified the +1 ring mail of Buechug {Str+3 Slay+2}
 14399 | D:10     | Identified the +1 leather armour of the Nine Wishes {Str-5
                  | Dex+6}
 14465 | D:10     | Found a glowing silver altar of Zin.
 14465 | D:10     | Found a glowing golden altar of the Shining One.
 14465 | D:10     | Found a white marble altar of Elyvilon.
 14700 | D:11     | Noticed a two-headed ogre
 14709 | D:11     | Killed a two-headed ogre
 14710 | D:11     | Reached skill level 7 in Long Blades
 14999 | D:11     | Found a runed translucent door.
 15019 | D:11     | Noticed Taurus's ghost (novice FeSu)
 15019 | D:11     | Noticed a lich
 15020 | D:11     | Noticed a storm dragon
 15021 | D:11     | Noticed a war gargoyle
 15041 | D:11     | Found a runed translucent door.
 15453 | D:12     | Reached skill level 8 in Long Blades
 16421 | Orc:1    | Entered Level 1 of the Orcish Mines
 16821 | Orc:1    | Reached skill level 9 in Long Blades
 17829 | Orc:2    | Entered Level 2 of the Orcish Mines
 17830 | Orc:2    | Noticed a two-headed ogre
 17839 | Orc:2    | Killed a two-headed ogre
 17840 | Orc:2    | Reached skill level 10 in Long Blades
 17844 | Orc:2    | Identified the +5 ring mail "Natrulaopp" {rC- Regen+ Int+9
                  | SInv} (Okawaru gifted it to you on level 2 of the Orcish
                  | Mines)
 17844 | Orc:2    | Received a gift from Okawaru
 18218 | Orc:2    | Noticed a two-headed ogre
 18224 | Orc:2    | Killed a two-headed ogre
 18641 | Orc:2    | Noticed an orc warlord
 18657 | Orc:2    | Killed an orc warlord
 18658 | Orc:2    | Reached XP level 13. HP: 70/108 MP: 10/17
 18666 | Orc:2    | Reached skill level 10 in Shields
 18850 | Orc:2    | Reached skill level 11 in Long Blades
 18852 | Orc:2    | Identified the +3 scale mail "Ramud" {+Inv MP+9 Int+2}
 18898 | Orc:2    | Reached skill level 10 in Armour
 19349 | Orc:2    | Found a staircase to the Elven Halls.
 19417 | Orc:2    | Identified the ring "Qieme" {rF+ Will+ rCorr Str-2}
 19624 | Orc:2    | Noticed an orc warlord
 19675 | Orc:2    | Killed an orc warlord
 19716 | Orc:2    | Reached skill level 12 in Long Blades
 20280 | Orc:2    | Found Teunliul's Assorted Antiques.
 20455 | Orc:2    | Found Vecron's Magic Scroll Shoppe.
 20460 | Orc:2    | Identified the +1 robe of the Hunter {rF++} (Okawaru gifted
                  | it to you on level 2 of the Orcish Mines)
 20460 | Orc:2    | Received a gift from Okawaru
 20470 | Orc:2    | Bought 2 scrolls of identify for 56 gold pieces
 20701 | Orc:2    | Found Diep's Jewellery Shoppe.
 20738 | Orc:2    | Found Kuikh's Weapon Emporium.
 20862 | Orc:2    | Reached skill level 13 in Long Blades
 21050 | Orc:2    | Reached XP level 14. HP: 87/118 MP: 17/19
 22489 | D:13     | Noticed Azrael
 22656 | D:13     | Killed Azrael
 23670 | D:13     | Found a runed translucent gate.
 23670 | D:13     | Found a runed translucent gate.
 23670 | D:13     | Found a runed translucent gate.
 23673 | D:13     | Noticed Imievvi's ghost (journeyman GnCA)
 23692 | D:13     | Noticed Lodul
 24203 | D:13     | Killed Lodul
 24651 | D:13     | Found a portal to a secret trove of treasure.
 24884 | D:13     | Reached skill level 10 in Fighting
 24903 | D:13     | Killed Imievvi's ghost
 24904 | D:13     | Reached skill level 14 in Long Blades
 25076 | D:13     | Found a gate to the Vaults.
 25111 | D:13     | Identified the +7 glaive "Sotuthro" {freeze, rC+ Str+4}
 26261 | D:14     | Found a shadowy altar of Dithmenos.
 26293 | D:14     | Identified the +12 quarterstaff of Bankruptcy {holy, Int+5}
                  | (Okawaru gifted it to you on level 14 of the Dungeon)
 26293 | D:14     | Received a gift from Okawaru
 26370 | D:14     | Reached XP level 15. HP: 128/128 MP: 21/21
 26377 | D:14     | Got Sif Muna's Handbook of Combustion
 26685 | D:15     | Entered Level 15 of the Dungeon
 26851 | D:15     | Reached skill level 15 in Long Blades
 27228 | D:15     | Noticed a quicksilver ooze
 27228 | D:15     | a boulder beetle changed into a quicksilver ooze
 27232 | D:15     | a quicksilver ooze changed into a goliath frog
 27232 | D:15     | Noticed a quicksilver ooze
 27232 | D:15     | a goliath frog changed into a quicksilver ooze
 27235 | D:15     | Killed a quicksilver ooze
 27276 | D:15     | Killed from afar by a rakshasa

Illustrated notes

Levels and vault maps discovered:
D:1:      dpeg_arrival_circle_labyrinth_b, layout_loops_ring, serial_shops,
          nicolae_shop_temple_entry_statues_fountains,
          hellmonk_ecumenical_altar_blasted
D:2:      layout_rooms
D:3:      wander_river, layout_basic, lightli_temple_of_fire
D:4:      layout_cave_pools, chequers_temple_overflow_minitemple,
          minmay_temple_entry_junction_2
D:5:      minmay_chambers_of_threes, layout_rooms, mainiacjoe_overflow_catwalk,
          nicolae_ossuary_entry_ruins, kennysheep_minor_cross,
          nicolae_eternal_life, hangedman_decor_opposing,
          dreamdust_princess_corridor, serial_bayou_pond_e
D:6:      layout_cave_pools, serial_shops, nicolae_stop_n_shop_1,
          nicolae_shop_advertising_works [nicolae_subvault_shop_adworks], shop,
          shop_coins, minivault_4
D:7:      layout_cave_pools, nicolae_overflow_hidden_temple
D:8:      layout_rooms, nicolae_overflow_crystal_walls,
          small_chamber_with_monster
D:9:      layout_loops_corners, lemuel_crystal_altar, hiddenorc1_lemuel,
          minmay_radiant, uniq_joseph
D:10:     layout_long_grid, dreamdust_divine_triumvirate,
          nicolae_gozag_cash_rules_everything_around_me, dpeg_oklobed_lair,
          enter_bailey_2, st_stairs_6
D:11:     layout_irregular_city, muffindrake_ghost_dual_entry
D:12:     layout_loops_cross
D:13:     layout_irregular_city, ximxim_vaults_locker_room,
          nicolae_trove_entry_diagonal, gammafunk_ghost_split, uniq_azrael,
          uniq_lodul
D:14:     layout_roguey, grunt_dithmenos_smoke_and_mirrors, minmay_librarian
D:15:     gammafunk_enter_depths_forms, layout_loops_ring
Temple:   hellmonk_temple_rainy
Orc:1:    layout_diamond_mine, basic_altar, nicolae_orc_damp_corner
Orc:2:    pubby_orc_utopia

Skill      XL: |  1  2  3  4  5  6  7  8  9 10 11 12 13 14 15 |
---------------+----------------------------------------------+-----
Armour         | 4 5 6 7 9 10 11 | 11.5
Axes           | 3 4 6 7 9 10 11 | 11.1
Fighting       | 4 5 6 7 8 9 10 11 | 11.0
Invocations    | 1 3 4 5 7 8 |  8.9
Shields        | 6 8 9 11 12 14 | 14.3
Long Blades    | 5 10 13 14 15 | 15.6

Action                   |  1- 3 |  4- 6 |  7- 9 | 10-12 | 13-15 || total
-------------------------+-------+-------+-------+-------+-------++-------
Melee: War axe           |    78 |       |       |       |       ||    78
       Hand axe          |    23 |    56 |   457 |   344 |       ||   880
       Great sword       |       |       |       |   163 |    69 ||   232
       Triple sword      |       |       |       |   244 |   565 ||   809
       Scimitar          |       |       |       |       |    20 ||    20
Invok: Heroism           |       |       |       |     3 |    16 ||    19
       Finesse           |       |       |       |     3 |    12 ||    15
 Abil: Dig               |       |       |     1 |       |       ||     1
  Use: Scroll            |     3 |     1 |    11 |     7 |     8 ||    30
       Potion            |       |       |     1 |     3 |     3 ||     7
 Stab: Confused          |       |       |       |       |     2 ||     2
Armor: Scale mail        |    20 |    22 |   112 |       |       ||   154
       Plate armour      |    71 |       |       |       |    41 ||   112
       Chain mail        |       |       |    47 |   376 |       ||   423
       Ring mail         |       |       |       |    57 |   123 ||   180
Dodge: Dodged            |    26 |    22 |   144 |   268 |   136 ||   596
Block: Buckler           |    32 |    28 |   224 |    57 |       ||   341
       Reflection        |       |     2 |     9 |    31 |    12 ||    54
       Kite shield       |       |       |       |   709 |   366 ||  1075
       Tower shield      |       |       |       |       |   208 ||   208
